Lightning vs Avalanche

Created - January-30-13 at 17:41

Goals
1 2 3 T
Lightning 2 0 0 2
Avalanche 0 0 0 0
Shots
1 2 3 T
Lightning 10 3 6 19
Avalanche 12 6 7 25

1st period

1. Lightning , Tomas Plekanec 9 (Brent Seabrook) at 3:44
2. Lightning , Josh Gorges 5 (Scott Hartnell, Andrej Meszaros) at 12:26 (PP)

Penalties :
Michael Del Zotto (COL) for Holding (Minor) at 10:41, Tim Gleason (TBL) for Hooking (Minor) at 12:54, Patrick Sharp (TBL) for Roughing (Minor) at 16:55

2nd period

No Goal

Penalties :
Brayden Schenn (COL) for Hooking (Minor) at 2:07, Brent Seabrook (TBL) for Hooking (Minor) at 5:42, Tim Gleason (TBL) for Hooking (Minor) at 19:37

3rd period

No Goal

Penalties :
Scott Hartnell (TBL) for Cross-checking (Minor) at 3:33, Michal Rozsival (COL) for Slashing (Minor) at 18:48

Goalie Stats

Cory Schneider (TBL), 25 saves from 25 shots - (1.000), W, 19-7-1, 60:00 minutes
Evgeni Nabokov (COL), 17 saves from 19 shots - (0.895), L, 3-9-2, 60:00 minutes

Players Stats for Lightning

Player Name              G  A  P  +/- PIM S  H  SB GA TA FO     MP     PP MP  PK MP  
------------------------------------------------------------------------------------
Andrej Meszaros          0  1  1   0  0   0  3  0  0  0  0/0    19:44   1:50   4:50 
Andrew Brunette          0  0  0   0  0   0  0  0  0  0  0/0     5:33   0:00   0:00 
Brent Seabrook           0  1  1   1  2   0  6  2  0  0  0/0    25:49   3:05   3:42 
Eric Nystrom             0  0  0   0  0   0  2  0  0  0  0/0    11:37   0:00   0:00 
Jaroslav Spacek          0  0  0   0  0   0  0  0  0  0  0/0    15:05   0:00   2:02 
Josh Gorges              1  0  1   0  0   1  1  0  0  0  0/0    22:31   1:50   6:27 
Marek Zidlicky           0  0  0   1  0   0  2  1  0  0  0/0    21:10   3:05   0:12 
Martin Havlat            0  0  0   1  0   1  0  0  0  0  0/0    15:09   2:16   0:00 
Martin St. Louis         0  0  0   0  0   2  0  0  0  0  1/2    22:48   2:39   5:02 
Mike Knuble              0  0  0   0  0   0  2  0  0  0  0/2     5:33   0:00   0:00 
Nick Spaling             0  0  0   0  0   0  0  0  0  0  1/6    10:26   0:00   4:53 
Patrick Kane             0  0  0   0  0   2  1  0  0  0  0/1    17:46   2:39   0:00 
Patrick Sharp            0  0  0   0  2   1  3  0  0  0  6/15   17:45   2:39   0:00 
Paul Stastny             0  0  0   0  0   4  0  0  0  0  13/22  18:55   2:16   5:02 
Scott Hartnell           0  1  1   1  2   2  1  0  0  0  0/0    15:08   2:16   0:00 
Teddy Purcell            0  0  0   0  0   0  0  0  0  0  0/2    11:37   0:00   0:00 
Tim Gleason              0  0  0   0  4   1  2  0  0  0  0/0    15:38   0:00   2:37 
Tomas Plekanec           1  0  1   1  0   5  1  0  0  0  16/27  17:46   0:00   4:53 

Players Stats for Avalanche

Player Name              G  A  P  +/- PIM S  H  SB GA TA FO     MP     PP MP  PK MP  
------------------------------------------------------------------------------------
Brayden McNabb           0  0  0  -1  0   1  0  1  0  0  0/0    14:24   0:00   1:53 
Brayden Schenn           0  0  0   0  2   0  3  0  0  0  4/11   10:46   0:00   0:33 
Chris Stewart            0  0  0   0  0   4  0  0  0  0  0/1    11:01   0:00   0:47 
Craig Adams              0  0  0   0  0   1  0  0  0  0  5/10    8:13   0:00   3:14 
Derek Stepan             0  0  0  -1  0   3  4  0  0  0  15/26  22:53   5:44   1:17 
Jeff Skinner             0  0  0  -1  0   0  0  0  0  0  0/5    21:36   5:44   0:00 
John Carlson             0  0  0   0  0   1  1  0  0  0  0/0    21:01   4:38   2:14 
Justin Abdelkader        0  0  0   0  0   2  1  0  0  0  1/1    10:29   0:00   0:15 
Kevin Shattenkirk        0  0  0   0  0   3  0  1  0  0  0/0    25:55   5:17   2:08 
Kyle Turris              0  0  0   0  0   1  1  0  0  0  10/16  18:31   4:11   0:15 
Marcus Johansson         0  0  0   0  0   0  3  0  0  0  2/2    18:16   4:11   0:00 
Marian Hossa             0  0  0  -1  0   3  1  0  0  0  1/1    24:03   5:44   2:27 
Matt Halischuk           0  0  0   0  0   1  0  0  0  0  1/1     4:59   0:00   0:00 
Michael Del Zotto        0  0  0   0  2   0  4  0  0  0  0/0    24:51   5:17   1:05 
Michal Rozsival          0  0  0   0  2   3  1  0  0  0  0/0    19:55   4:05   1:42 
Milan Jurcina            0  0  0  -1  0   0  0  0  0  0  0/0    13:37   0:33   0:33 
Ryan White               0  0  0   0  0   1  1  0  0  0  1/1     6:16   0:00   1:17 
Teemu Selanne            0  0  0   0  0   1  0  0  0  0  0/2    18:16   4:11   0:00 

3 Stars

1 - Cory Schneider (TBL)
2 - Tomas Plekanec (TBL)
3 - Brent Seabrook (TBL)

Power Play

Lightning - 1 on 3 Attempt(s) - 33.33%
Avalanche - 0 on 5 Attempt(s) - 0.00%

Penalty Kill

Lightning - 5 on 5 Attempt(s) - 100.00% - Score 0 goal in Penalty Kill
Avalanche - 2 on 3 Attempt(s) - 66.67% - Score 0 goal in Penalty Kill

Official

Referees : Graham Skiliter and Francis Charron
Linesman : Bryan Pancich and Dan Schachte

Game Notes

No Game Note

Finance

Level 1 -- Attendance: 6500 (100.00%) -- Ticket Income $663,000
Level 2 -- Attendance: 4930 (98.60%) -- Ticket Income $369,750
Level 3 -- Attendance: 3102 (88.63%) -- Ticket Income $170,610
Level 4 -- Attendance: 2007 (100.00%) -- Ticket Income $90,315
Luxury Box -- Attendance: 978 (97.80%) -- Ticket Income $195,600
Game was played at the Pepsi Center
Total Attendance: 17517 (97.28%)
Total Ticket Income: $1,489,275
Other Income: $223,391
Total Income: $1,712,666


% Time on Ice - Lightning

Lines # - Real PCT - Wanted PCT - Time Play
Normal Forward
1 - 33% - 35% - 15:07
2 - 29% - 30% - 12:53
3 - 26% - 25% - 11:37
4 - 12% - 10% - 5:33
Normal Defense
1 - 40% - 40% - 17:53
2 - 29% - 30% - 13:04
3 - 29% - 20% - 13:03
4 - 3% - 10% - 1:10
PP Forward
1 - 54% - 60% - 2:39
2 - 46% - 40% - 2:16
PP Defense
1 - 63% - 60% - 3:05
2 - 37% - 40% - 1:50
PK Forward
1 - 51% - 50% - 5:02
2 - 49% - 50% - 4:53
PK Defense
1 - 51% - 60% - 5:05
2 - 49% - 40% - 4:50
PK3 Forward
1 - 0% - 50%
2 - 0% - 50%
PK3 Defense
1 - 0% - 60%
2 - 0% - 40%
44 Forward
1 - 0% - 60%
2 - 0% - 40%
44 Defense
1 - 0% - 60%
2 - 0% - 40%
Last Minute Offensive  - 0:00
Last Minute Defensive  - 0:00
Total
Forward - 60:00
Defense - 60:00

% Time on Ice - Avalanche

Lines # - Real PCT - Wanted PCT - Time Play
Normal Forward
1 - 35% - 40% - 15:52
2 - 31% - 30% - 14:05
3 - 23% - 20% - 10:14
4 - 11% - 10% - 4:59
Normal Defense
1 - 38% - 40% - 17:11
2 - 31% - 30% - 14:09
3 - 28% - 20% - 12:31
4 - 3% - 10% - 1:19
PP Forward
1 - 58% - 60% - 5:44
2 - 42% - 40% - 4:11
PP Defense
1 - 53% - 60% - 5:17
2 - 47% - 40% - 4:38
PK Forward
1 - 74% - 60% - 3:38
2 - 26% - 40% - 1:17
PK Defense
1 - 43% - 60% - 2:08
2 - 57% - 40% - 2:47
PK3 Forward
1 - 0% - 60%
2 - 0% - 40%
PK3 Defense
1 - 0% - 60%
2 - 0% - 40%
44 Forward
1 - 0% - 60%
2 - 0% - 40%
44 Defense
1 - 0% - 60%
2 - 0% - 40%
Last Minute Offensive  - 0:00
Last Minute Defensive  - 0:00
Total
Forward - 60:00
Defense - 60:00

Play by Play

1st period


0:01 of 1st period - Martin St. Louis wins face-off versus Derek Stepan in neutral zone.
0:28 of 1st period - Patrick Kane is hit by Derek Stepan and loses puck.
0:41 of 1st period - Patrick Kane is hit by Marian Hossa and loses puck.
1:34 of 1st period - Off-side.
1:35 of 1st period - Paul Stastny wins face-off versus Chris Stewart in neutral zone.
1:35 of 1st period - Jaroslav Spacek is hit by Brayden Schenn.
1:51 of 1st period - Shot by Paul Stastny.
1:51 of 1st period - Stopped by Evgeni Nabokov without a rebound.
1:52 of 1st period - Craig Adams wins face-off versus Nick Spaling in Avalanche zone.
1:59 of 1st period - Kevin Shattenkirk is hit by Andrej Meszaros and loses puck.
3:10 of 1st period - Shot by Paul Stastny.
3:10 of 1st period - Stopped by Evgeni Nabokov without a rebound.
3:11 of 1st period - Tomas Plekanec wins face-off versus Derek Stepan in Avalanche zone.
3:44 of 1st period - Shot by Tomas Plekanec.
3:44 of 1st period - The goal is going for a video replay.
3:44 of 1st period - The goal is good.
3:44 of 1st period - Goal by Tomas Plekanec - Lightning : 1 - Avalanche : 0.
3:45 of 1st period - Patrick Sharp wins face-off versus Brayden Schenn in neutral zone.
4:03 of 1st period - Icing by Michal Rozsival.
4:04 of 1st period - Paul Stastny wins face-off versus Brayden Schenn in Avalanche zone.
4:26 of 1st period - Shot by Teddy Purcell.
4:26 of 1st period - Shot Misses the Net.
4:42 of 1st period - Brent Seabrook is hit by Justin Abdelkader and loses puck.
4:58 of 1st period - Icing by John Carlson.
4:59 of 1st period - Tomas Plekanec wins face-off versus Brayden Schenn in Avalanche zone.
5:40 of 1st period - Shot by Tomas Plekanec.
5:40 of 1st period - Stopped by Evgeni Nabokov without a rebound.
5:41 of 1st period - Kyle Turris wins face-off versus Patrick Sharp in Avalanche zone.
6:15 of 1st period - Shot by Kyle Turris.
6:15 of 1st period - Deflect By Teemu Selanne.
6:15 of 1st period - Shot Misses the Net.
6:51 of 1st period - Off-side.
6:52 of 1st period - Tomas Plekanec wins face-off versus Craig Adams in neutral zone.
7:03 of 1st period - Shot by Craig Adams.
7:03 of 1st period - Stopped by Cory Schneider without a rebound.
7:04 of 1st period - Derek Stepan wins face-off versus Nick Spaling in Lightning zone.
7:05 of 1st period - Shot by Marian Hossa.
7:05 of 1st period - Stopped by Cory Schneider without a rebound.
7:06 of 1st period - Tomas Plekanec wins face-off versus Derek Stepan in Lightning zone.
7:21 of 1st period - Marian Hossa is hit by Andrej Meszaros and loses puck.
7:40 of 1st period - Marian Hossa is hit by Andrej Meszaros and loses puck.
8:12 of 1st period - Off-side.
8:13 of 1st period - Brayden Schenn wins face-off versus Patrick Sharp in neutral zone.
8:19 of 1st period - Icing by Brent Seabrook.
8:20 of 1st period - Kyle Turris wins face-off versus Martin St. Louis in Lightning zone.
8:35 of 1st period - Icing by Brayden McNabb.
8:36 of 1st period - Kyle Turris wins face-off versus Paul Stastny in Avalanche zone.
9:51 of 1st period - Shot by Marian Hossa.
9:51 of 1st period - Stopped by Cory Schneider without a rebound.
9:52 of 1st period - Brayden Schenn wins face-off versus Mike Knuble in Lightning zone.
10:25 of 1st period - Shot by Justin Abdelkader.
10:25 of 1st period - Stopped by Cory Schneider without a rebound.
10:26 of 1st period - Patrick Sharp wins face-off versus Jeff Skinner in Lightning zone.
10:28 of 1st period - Icing by Martin St. Louis.
10:29 of 1st period - Derek Stepan wins face-off versus Patrick Sharp in Lightning zone.
10:29 of 1st period - Marian Hossa is hit by Marek Zidlicky and loses puck.
10:35 of 1st period - Icing by Patrick Sharp.
10:36 of 1st period - Patrick Sharp wins face-off versus Derek Stepan in Lightning zone.
10:36 of 1st period - Patrick Sharp is hit by Derek Stepan.
10:41 of 1st period - Minor Penalty to Michael Del Zotto for Holding.
10:42 of 1st period - Craig Adams wins face-off versus Patrick Sharp in Avalanche zone.
10:42 of 1st period - Craig Adams is hit by Patrick Sharp.
11:22 of 1st period - Shot by Brent Seabrook.
11:22 of 1st period - Shot Misses the Net.
11:58 of 1st period - Shot by Derek Stepan.
11:58 of 1st period - Stopped by Cory Schneider without a rebound.
11:59 of 1st period - Craig Adams wins face-off versus Paul Stastny in Lightning zone.
12:09 of 1st period - Icing by Andrej Meszaros.
12:10 of 1st period - Paul Stastny wins face-off versus Craig Adams in Lightning zone.
12:26 of 1st period - Shot by Josh Gorges.
12:26 of 1st period - Goal by Josh Gorges - Lightning : 2 - Avalanche : 0.
12:27 of 1st period - Kyle Turris wins face-off versus Nick Spaling in neutral zone.
12:27 of 1st period - John Carlson is hit by Mike Knuble and loses puck.
12:43 of 1st period - Shot by Marcus Johansson.
12:43 of 1st period - Shot Misses the Net.
12:54 of 1st period - Minor Penalty to Tim Gleason for Hooking.
12:55 of 1st period - Paul Stastny wins face-off versus Derek Stepan in Lightning zone.
13:19 of 1st period - Shot by Kevin Shattenkirk.
13:19 of 1st period - Shot Misses the Net.
13:21 of 1st period - Shot by Derek Stepan.
13:21 of 1st period - Stopped by Cory Schneider without a rebound.
13:22 of 1st period - Kyle Turris wins face-off versus Tomas Plekanec in Lightning zone.
13:23 of 1st period - Shot by Michal Rozsival.
13:23 of 1st period - Stopped by Cory Schneider with a rebound.
13:25 of 1st period - Shot by Michal Rozsival.
13:25 of 1st period - Stopped by Cory Schneider with a rebound.
13:27 of 1st period - Shot by Teemu Selanne.
13:27 of 1st period - Shot Misses the Net.
13:29 of 1st period - Shot by Michal Rozsival.
13:29 of 1st period - Shot Hit the Post.
13:31 of 1st period - Shot by John Carlson.
13:31 of 1st period - Stopped by Cory Schneider without a rebound.
13:32 of 1st period - Derek Stepan wins face-off versus Tomas Plekanec in Lightning zone.
13:51 of 1st period - Shot by Marian Hossa.
13:51 of 1st period - Stopped by Cory Schneider without a rebound.
13:52 of 1st period - Paul Stastny wins face-off versus Teemu Selanne in Lightning zone.
14:04 of 1st period - Off-side.
14:05 of 1st period - Derek Stepan wins face-off versus Tomas Plekanec in neutral zone.
14:43 of 1st period - Marian Hossa is hit by Tomas Plekanec.
15:18 of 1st period - Milan Jurcina is hit by Patrick Sharp and loses puck.
15:23 of 1st period - Shot by Martin St. Louis.
15:23 of 1st period - Stopped by Evgeni Nabokov without a rebound.
15:24 of 1st period - Marcus Johansson wins face-off versus Tomas Plekanec in Avalanche zone.
15:51 of 1st period - Shot by Tomas Plekanec.
15:51 of 1st period - Stopped by Evgeni Nabokov with a rebound.
15:56 of 1st period - Off-side.
15:57 of 1st period - Derek Stepan wins face-off versus Teddy Purcell in neutral zone.
16:55 of 1st period - Minor Penalty to Patrick Sharp for Roughing.
16:56 of 1st period - Tomas Plekanec wins face-off versus Kyle Turris in Lightning zone.
17:05 of 1st period - Shot by Tomas Plekanec.
17:05 of 1st period - Stopped by Evgeni Nabokov without a rebound.
17:06 of 1st period - Kyle Turris wins face-off versus Tomas Plekanec in Avalanche zone.
18:21 of 1st period - Shot by Kevin Shattenkirk.
18:21 of 1st period - Stopped by Cory Schneider without a rebound.
18:22 of 1st period - Tomas Plekanec wins face-off versus Derek Stepan in Lightning zone.
18:39 of 1st period - Shot by Kevin Shattenkirk.
18:39 of 1st period - Stopped by Cory Schneider without a rebound.
18:40 of 1st period - Tomas Plekanec wins face-off versus Jeff Skinner in Lightning zone.
19:01 of 1st period - Shot by Chris Stewart.
19:01 of 1st period - Shot Misses the Net.
19:32 of 1st period - Shot by Patrick Sharp.
19:32 of 1st period - Stopped by Evgeni Nabokov with a rebound.
19:48 of 1st period - Shot by Scott Hartnell.
19:48 of 1st period - Shot Misses the Net.
19:50 of 1st period - Shot by Tomas Plekanec.
19:50 of 1st period - Stopped by Evgeni Nabokov without a rebound.
19:51 of 1st period - Paul Stastny wins face-off versus Jeff Skinner in Avalanche zone.

2nd period


0:01 of 2nd period - Tomas Plekanec wins face-off versus Jeff Skinner in neutral zone.
0:10 of 2nd period - Martin Havlat is hit by Michael Del Zotto and loses puck.
0:38 of 2nd period - Brent Seabrook is hit by Michael Del Zotto and loses puck.
2:05 of 2nd period - Shot by Ryan White.
2:05 of 2nd period - Stopped by Cory Schneider without a rebound.
2:06 of 2nd period - Paul Stastny wins face-off versus Brayden Schenn in Lightning zone.
2:06 of 2nd period - Paul Stastny is hit by Brayden Schenn.
2:07 of 2nd period - Minor Penalty to Brayden Schenn for Hooking.
2:08 of 2nd period - Paul Stastny wins face-off versus Craig Adams in Avalanche zone.
3:31 of 2nd period - Icing by Patrick Sharp.
3:32 of 2nd period - Marian Hossa wins face-off versus Patrick Kane in Lightning zone.
5:11 of 2nd period - Shot by Paul Stastny.
5:11 of 2nd period - Stopped by Evgeni Nabokov without a rebound.
5:12 of 2nd period - Patrick Sharp wins face-off versus Derek Stepan in Avalanche zone.
5:41 of 2nd period - Shot by Derek Stepan.
5:41 of 2nd period - Shot Blocked by Brent Seabrook.
5:42 of 2nd period - Minor Penalty to Brent Seabrook for Hooking.
5:43 of 2nd period - Tomas Plekanec wins face-off versus Derek Stepan in Lightning zone.
6:31 of 2nd period - Tomas Plekanec is hit by John Carlson and loses puck.
6:37 of 2nd period - Tomas Plekanec is hit by Michal Rozsival and loses puck.
6:45 of 2nd period - Icing by John Carlson.
6:46 of 2nd period - Derek Stepan wins face-off versus Paul Stastny in Avalanche zone.
6:50 of 2nd period - John Carlson is hit by Tim Gleason and loses puck.
7:09 of 2nd period - Shot by Kyle Turris.
7:09 of 2nd period - Stopped by Cory Schneider without a rebound.
7:10 of 2nd period - Kyle Turris wins face-off versus Tomas Plekanec in Lightning zone.
7:21 of 2nd period - Shot by Marcus Johansson.
7:21 of 2nd period - Shot Misses the Net.
7:55 of 2nd period - Shot by Brayden Schenn.
7:55 of 2nd period - Deflect By Chris Stewart.
7:55 of 2nd period - Stopped by Cory Schneider without a rebound.
7:56 of 2nd period - Craig Adams wins face-off versus Paul Stastny in Lightning zone.
7:56 of 2nd period - Craig Adams is hit by Brent Seabrook.
7:59 of 2nd period - Ryan White is hit by Brent Seabrook and loses puck.
8:29 of 2nd period - Shot by Craig Adams.
8:29 of 2nd period - Deflect By Matt Halischuk.
8:29 of 2nd period - Stopped by Cory Schneider without a rebound.
8:30 of 2nd period - Kyle Turris wins face-off versus Tomas Plekanec in Lightning zone.
9:39 of 2nd period - Shot by Jeff Skinner.
9:39 of 2nd period - Shot Blocked by Marek Zidlicky.
10:07 of 2nd period - Shot by Patrick Sharp.
10:07 of 2nd period - Shot Misses the Net.
10:45 of 2nd period - Shot by Chris Stewart.
10:45 of 2nd period - Stopped by Cory Schneider without a rebound.
10:46 of 2nd period - Paul Stastny wins face-off versus Kyle Turris in Lightning zone.
10:51 of 2nd period - Tim Gleason is hit by Kyle Turris and loses puck.
11:05 of 2nd period - Teddy Purcell is hit by Michael Del Zotto and loses puck.
11:09 of 2nd period - Icing by Michael Del Zotto.
11:10 of 2nd period - Tomas Plekanec wins face-off versus Kyle Turris in Avalanche zone.
11:50 of 2nd period - Off-side.
11:51 of 2nd period - Brayden Schenn wins face-off versus Paul Stastny in neutral zone.
11:55 of 2nd period - Milan Jurcina is hit by Tim Gleason and loses puck.
12:36 of 2nd period - Off-side.
12:37 of 2nd period - Patrick Sharp wins face-off versus Jeff Skinner in neutral zone.
13:26 of 2nd period - Martin St. Louis is hit by Derek Stepan.
13:35 of 2nd period - Off-side.
13:36 of 2nd period - Tomas Plekanec wins face-off versus Kyle Turris in neutral zone.
13:48 of 2nd period - Tomas Plekanec is hit by Marcus Johansson.
15:00 of 2nd period - Shot by Brayden Schenn.
15:00 of 2nd period - Shot Misses the Net.
15:08 of 2nd period - Shot by Milan Jurcina.
15:08 of 2nd period - Shot Misses the Net.
15:10 of 2nd period - Shot by Justin Abdelkader.
15:10 of 2nd period - Stopped by Cory Schneider without a rebound.
15:11 of 2nd period - Derek Stepan wins face-off versus Patrick Sharp in Lightning zone.
15:23 of 2nd period - Icing by Michal Rozsival.
15:24 of 2nd period - Derek Stepan wins face-off versus Nick Spaling in Avalanche zone.
15:28 of 2nd period - Derek Stepan is hit by Marek Zidlicky and loses puck.
15:35 of 2nd period - Michal Rozsival is hit by Mike Knuble and loses puck.
16:13 of 2nd period - Icing by Brent Seabrook.
16:14 of 2nd period - Kyle Turris wins face-off versus Nick Spaling in Lightning zone.
16:44 of 2nd period - Michael Del Zotto is hit by Patrick Kane and loses puck.
16:53 of 2nd period - Shot by Patrick Kane.
16:53 of 2nd period - Stopped by Evgeni Nabokov without a rebound.
16:54 of 2nd period - Brayden Schenn wins face-off versus Tomas Plekanec in Avalanche zone.
17:36 of 2nd period - Shot by Martin Havlat.
17:36 of 2nd period - Stopped by Evgeni Nabokov without a rebound.
17:37 of 2nd period - Derek Stepan wins face-off versus Patrick Sharp in Avalanche zone.
18:40 of 2nd period - Kyle Turris is hit by Brent Seabrook and loses puck.
18:52 of 2nd period - Teemu Selanne is hit by Brent Seabrook and loses puck.
18:57 of 2nd period - Shot by Marcus Johansson.
18:57 of 2nd period - Shot Misses the Net.
19:18 of 2nd period - Icing by Paul Stastny.
19:19 of 2nd period - Matt Halischuk wins face-off versus Paul Stastny in Lightning zone.
19:37 of 2nd period - Minor Penalty to Tim Gleason for Hooking.
19:38 of 2nd period - Derek Stepan wins face-off versus Tomas Plekanec in Lightning zone.

3rd period


0:01 of 3rd period - Paul Stastny wins face-off versus Derek Stepan in neutral zone.
0:15 of 3rd period - Shot by Derek Stepan.
0:15 of 3rd period - Stopped by Cory Schneider with a rebound.
1:17 of 3rd period - Shot by Teemu Selanne.
1:17 of 3rd period - Stopped by Cory Schneider without a rebound.
1:18 of 3rd period - Marcus Johansson wins face-off versus Tomas Plekanec in Lightning zone.
1:34 of 3rd period - Shot by John Carlson.
1:34 of 3rd period - Shot Misses the Net.
1:44 of 3rd period - Shot by Martin St. Louis.
1:44 of 3rd period - Shot Blocked by Brayden McNabb.
1:46 of 3rd period - Shot by Patrick Kane.
1:46 of 3rd period - Stopped by Evgeni Nabokov without a rebound.
1:47 of 3rd period - Ryan White wins face-off versus Teddy Purcell in Avalanche zone.
1:49 of 3rd period - Icing by Kevin Shattenkirk.
1:50 of 3rd period - Craig Adams wins face-off versus Paul Stastny in Avalanche zone.
3:00 of 3rd period - Shot by Martin St. Louis.
3:00 of 3rd period - Stopped by Evgeni Nabokov without a rebound.
3:01 of 3rd period - Tomas Plekanec wins face-off versus Derek Stepan in Avalanche zone.
3:33 of 3rd period - Minor Penalty to Scott Hartnell for Cross-checking.
3:34 of 3rd period - Paul Stastny wins face-off versus Kyle Turris in Lightning zone.
3:34 of 3rd period - Paul Stastny is hit by Marcus Johansson.
3:40 of 3rd period - Josh Gorges is hit by Marcus Johansson and loses puck.
4:04 of 3rd period - Teemu Selanne is hit by Josh Gorges and loses puck.
5:19 of 3rd period - Marcus Johansson is hit by Brent Seabrook.
5:38 of 3rd period - Icing by Milan Jurcina.
5:39 of 3rd period - Nick Spaling wins face-off versus Brayden Schenn in Avalanche zone.
6:20 of 3rd period - Chris Stewart is hit by Scott Hartnell and loses puck.
7:36 of 3rd period - Shot by Martin St. Louis.
7:36 of 3rd period - Shot Misses the Net.
8:00 of 3rd period - Shot by Kyle Turris.
8:00 of 3rd period - Shot Misses the Net.
8:02 of 3rd period - Shot by Michal Rozsival.
8:02 of 3rd period - Stopped by Cory Schneider without a rebound.
8:03 of 3rd period - Paul Stastny wins face-off versus Craig Adams in Lightning zone.
8:03 of 3rd period - Paul Stastny is hit by Ryan White.
8:29 of 3rd period - Shot by Teddy Purcell.
8:29 of 3rd period - Shot Misses the Net.
8:31 of 3rd period - Shot by Tim Gleason.
8:31 of 3rd period - Stopped by Evgeni Nabokov with a rebound.
9:43 of 3rd period - Shot by Chris Stewart.
9:43 of 3rd period - Stopped by Cory Schneider without a rebound.
9:44 of 3rd period - Patrick Sharp wins face-off versus Derek Stepan in Lightning zone.
9:44 of 3rd period - Andrej Meszaros is hit by Derek Stepan and loses puck.
9:59 of 3rd period - Shot by Derek Stepan.
9:59 of 3rd period - Shot Misses the Net.
10:01 of 3rd period - Shot by Kevin Shattenkirk.
10:01 of 3rd period - Shot Misses the Net.
10:03 of 3rd period - Shot by Kevin Shattenkirk.
10:03 of 3rd period - Stopped by Cory Schneider without a rebound.
10:04 of 3rd period - Tomas Plekanec wins face-off versus Brayden Schenn in Lightning zone.
10:04 of 3rd period - Tomas Plekanec is hit by Brayden Schenn.
10:42 of 3rd period - Shot by Martin Havlat.
10:42 of 3rd period - Deflect By Scott Hartnell.
10:42 of 3rd period - Stopped by Evgeni Nabokov without a rebound.
10:43 of 3rd period - Derek Stepan wins face-off versus Patrick Sharp in Avalanche zone.
10:43 of 3rd period - Derek Stepan is hit by Patrick Sharp.
11:04 of 3rd period - Patrick Sharp is hit by Michael Del Zotto and loses puck.
11:39 of 3rd period - Shot by Paul Stastny.
11:39 of 3rd period - Stopped by Evgeni Nabokov without a rebound.
11:40 of 3rd period - Tomas Plekanec wins face-off versus Kyle Turris in Avalanche zone.
12:04 of 3rd period - Icing by Josh Gorges.
12:05 of 3rd period - Tomas Plekanec wins face-off versus Brayden Schenn in Lightning zone.
12:27 of 3rd period - Icing by Josh Gorges.
12:28 of 3rd period - Tomas Plekanec wins face-off versus Teemu Selanne in Lightning zone.
13:11 of 3rd period - Kyle Turris is hit by Brent Seabrook and loses puck.
13:25 of 3rd period - Off-side.
13:26 of 3rd period - Derek Stepan wins face-off versus Paul Stastny in neutral zone.
13:26 of 3rd period - Marian Hossa is hit by Eric Nystrom and loses puck.
13:34 of 3rd period - Icing by Kevin Shattenkirk.
13:35 of 3rd period - Derek Stepan wins face-off versus Paul Stastny in Avalanche zone.
13:35 of 3rd period - Kevin Shattenkirk is hit by Eric Nystrom.
14:50 of 3rd period - Shot by Justin Abdelkader.
14:50 of 3rd period - Shot Misses the Net.
14:52 of 3rd period - Shot by Brayden McNabb.
14:52 of 3rd period - Stopped by Cory Schneider without a rebound.
14:53 of 3rd period - Kyle Turris wins face-off versus Patrick Sharp in Lightning zone.
14:54 of 3rd period - Shot by Teemu Selanne.
14:54 of 3rd period - Shot Blocked by Brent Seabrook.
15:43 of 3rd period - Icing by Brent Seabrook.
15:44 of 3rd period - Derek Stepan wins face-off versus Patrick Sharp in Lightning zone.
16:09 of 3rd period - Shot by Scott Hartnell.
16:09 of 3rd period - Stopped by Evgeni Nabokov without a rebound.
16:10 of 3rd period - Justin Abdelkader wins face-off versus Mike Knuble in Avalanche zone.
16:27 of 3rd period - Shot by Chris Stewart.
16:27 of 3rd period - Stopped by Cory Schneider without a rebound.
16:28 of 3rd period - Derek Stepan wins face-off versus Tomas Plekanec in Lightning zone.
16:53 of 3rd period - Shot by Martin Havlat.
16:53 of 3rd period - Deflect By Scott Hartnell.
16:53 of 3rd period - Shot Misses the Net.
17:53 of 3rd period - Shot by Patrick Kane.
17:53 of 3rd period - Shot Blocked by Kevin Shattenkirk.
18:48 of 3rd period - Minor Penalty to Michal Rozsival for Slashing.
18:49 of 3rd period - Paul Stastny wins face-off versus Craig Adams in Avalanche zone.
19:16 of 3rd period - Shot by Martin Havlat.
19:16 of 3rd period - Shot Misses the Net.
19:18 of 3rd period - Shot by Brent Seabrook.
19:18 of 3rd period - Shot Misses the Net.
19:52 of 3rd period - Shot by Martin St. Louis.
19:52 of 3rd period - Shot Misses the Net.


Output by the SimonT Hockey Simulator (STHS) for Stephane Roy -- Original Page W3C XHTML 1.0 Valid
Hockey Simulator - Hockey Simulation - Hockey Manager